 Dungeon Crawl Stone Soup version 0.31-a0-180-g519b7de00c (webtiles) character file.

Game seed: 4196972334206406811

84 qw the Shooter (level 4, -2/39 HPs)
             Began as a Naga Hunter on June 19, 2023.
             Slain by an orc
             ... wielding a +0 club
              (4 damage)
             ... on level 3 of the Dungeon.
             The game lasted 00:00:30 (1290 turns).

qw the Shooter (Naga Hunter)                        Turns: 1290, Time: 00:00:30

Health: -2/39      AC:  3    Str: 13    XL:     4   Next: 46%
Magic:  4/4        EV:  8    Int: 10    God:
Gold:   33         SH:  0    Dex: 16    Spells: 3/3 levels left

rFire   . . .        Y - +1 shortbow
rCold   + . .        (shield currently unavailable)
rNeg    . . .        d - +0 ring mail {rC+}
rPois   +            (no helmet)
rElec   .            (no cloak)
rCorr   .            (no gloves)
SInv    +            (no barding)
Will    .....        (no amulet)
Stlth   +            (no ring)
HPRegen 0.26/turn    (no ring)
MPRegen 0.09/turn

%: no passive effects
@: very slow
A: AC +1, large, see invisible, deformed body, poison resistance, slowness 2,
spit poison 1, naga tail 1
a: Spit Poison


You were on level 3 of the Dungeon.
You visited 1 branch of the dungeon, and saw 3 of its levels.

You collected 117 gold pieces.
You spent 84 gold pieces at shops.


Innate Abilities, Weirdness & Mutations

Your serpentine skin is tough. (AC +1)
You have supernaturally acute eyesight. (SInv)
Armour fits poorly on your strangely shaped body.
Your system is resistant to poisons. (rPois)
You cover ground very slowly.
You can spit poison.
You have a snake-like lower body.


   Skills:
 + Level 2.1 Fighting
 - Level 5.2 Ranged Weapons
 - Level 1.5 Dodging
 - Level 1.5 Stealth


You had 3 spell levels left.
You didn't know any spells.
Your spell library was empty.

Inventory:

Hand Weapons
 Y - a +1 shortbow (weapon)
Armour
 a - a +0 cloak
 c - a +0 leather armour
 d - a +0 ring mail of cold resistance (worn)
Scrolls
 b - 4 scrolls of identify
Potions
 e - a potion of might {unknown}

Dungeon Overview and Level Annotations

Branches:
Dungeon (3/15)

Altars:

Shops:
D:2 ?


Message History

Aiming: Spit Poison (1% risk of failure)
Press: ? - help, Shift-Dir - straight line, f - worm The splash of poison hits the worm.
The worm is poisoned.
The worm is moderately wounded.
You shoot an arrow. The arrow hits the worm.
The worm is moderately wounded.
The orc barely misses you. The giant cockroach bites you.
The worm barely misses you.
You shoot an arrow. The arrow hits the worm.
The worm is severely wounded.
You have got your breath back.
The orc barely misses you.
The giant cockroach bites you but does no damage.
The orc hits you with a +0 club.
1286 ||| INVOKING Spit Poison.
Aiming: Spit Poison (1% risk of failure)
Press: ? - help, Shift-Dir - straight line, f/p - worm The splash of poison hits the worm!
The worm looks even sicker.
You kill the worm!
The giant cockroach bites you but does no damage. x2
The orc hits you with a +0 club.
You shoot an arrow. The arrow hits the orc.
The orc is moderately wounded.
The giant cockroach bites you. The orc hits you with a +0 dagger.
The orc hits you with a +0 club.
You shoot an arrow. The arrow hits the orc!
You kill the orc!
The giant cockroach barely misses you. The orc hits you but does no damage.
The giant cockroach bites you but does no damage.
You shoot an arrow. The arrow closely misses the orc.
The kobold completely misses you. The orc barely misses you.
The giant cockroach closely misses you.
You shoot an arrow. The arrow barely misses the orc.
You have got your breath back.
The orc hits you but does no damage.
The giant cockroach bites you but does no damage.
The kobold hits you with a +0 whip.
The giant cockroach completely misses you.
The orc hits you with a +0 club.
You die...

.?....#..
....#.#.###.
$.......#... #
#........>..
..#.##...........
....#...).[......
#.....oB......<.
##....@K........
.................
###..............
#.##.......#...
.$ #<........#
#..............#
....##.......####
.. ###......#
.....#...


You could see an orc, a giant cockroach and a kobold.

Vanquished Creatures
  An orc priest (D:3)
  2 worms (D:3)
  2 dart slugs
  An orc (D:3)
  5 endoplasms
  2 giant cockroaches (D:1)
  2 goblins (D:2)
  5 hobgoblins
  4 jackals
  3 kobolds
  3 quokkas
  2 ball pythons
  3 bats (D:1)
  A frilled lizard (D:1)
  2 rats
38 creatures vanquished.

Notes
Turn   | Place    | Note
-------+----------+-------------------------------------------
     0 | D:1      | qw the Naga Hunter began the quest for the Orb.
     0 | D:1      | Reached XP level 1. HP: 19/19 MP: 1/1
     0 | D:1      | 0 ||| qw: Version: 0.3-a-7-ge0c9b40
     0 | D:1      | 0 ||| qw: Game counter: 938
     0 | D:1      | 0 ||| qw: Always use a shield: true
     0 | D:1      | 0 ||| qw: God list: Okawaru
     0 | D:1      | 0 ||| qw: Allow faded altars: false
     0 | D:1      | 0 ||| qw: Do Orc after D:15 true
     0 | D:1      | 0 ||| qw: Do second Lair branch before Depths: true
     0 | D:1      | 0 ||| qw: Lair rune preference: random
     0 | D:1      | 0 ||| qw: Plans: Normal
     0 | D:1      | 0 ||| PLANNING D:1-11
    45 | D:1      | 45 ||| INVOKING Spit Poison.
    63 | D:1      | 63 ||| INVOKING Spit Poison.
    75 | D:1      | 75 ||| INVOKING Spit Poison.
    78 | D:1      | 78 ||| INVOKING Spit Poison.
   157 | D:1      | 157 ||| INVOKING Spit Poison.
   158 | D:1      | Reached skill level 4 in Ranged Weapons
   158 | D:1      | Reached XP level 2. HP: 26/26 MP: 2/2
   162 | D:1      | 162 ||| INVOKING Spit Poison.
   279 | D:1      | 279 ||| INVOKING Spit Poison.
   282 | D:1      | 282 ||| INVOKING Spit Poison.
   289 | D:1      | 289 ||| INVOKING Spit Poison.
   327 | D:1      | 327 ||| INVOKING Spit Poison.
   435 | D:1      | 435 ||| INVOKING Spit Poison.
   459 | D:1      | 459 ||| INVOKING Spit Poison.
   725 | D:1      | 725 ||| READING 2 scrolls labelled ZEYRRO ECROAZO.
   726 | D:1      | 726 ||| READING scroll labelled HURUAN MIAMAG.
   727 | D:1      | 727 ||| READING scroll labelled ADWODDE OGAY.
   728 | D:1      | 728 ||| DROPPING scroll of noise.
   729 | D:1      | 729 ||| DROPPING scroll of butterflies.
   754 | D:2      | 754 ||| INVOKING Spit Poison.
   814 | D:2      | Reached XP level 3. HP: 32/32 MP: 3/3
   918 | D:2      | Found Hiwkus's Magic Scroll Boutique.
   919 | D:2      | 919 ||| INVOKING Spit Poison.
   922 | D:2      | 922 ||| SHOPLISTING 2 scrolls of enchant weapon (210 gold,
                  | have 95).
   922 | D:2      | 922 ||| BUYING 3 scrolls of identify (84 gold).
   922 | D:2      | Bought 3 scrolls of identify for 84 gold pieces
   922 | D:2      | 922 ||| SHOPLISTING scroll of acquirement (728 gold, have
                  | 11).
   922 | D:2      | 922 ||| SHOPLISTING scroll of identify (28 gold, have 11).
   922 | D:2      | 922 ||| SHOPLISTING scroll of teleportation (42 gold, have
                  | 11).
   930 | D:2      | 930 ||| INVOKING Spit Poison.
   965 | D:2      | 965 ||| INVOKING Spit Poison.
  1004 | D:2      | 1004 ||| INVOKING Spit Poison.
  1031 | D:2      | 1031 ||| INVOKING Spit Poison.
  1100 | D:2      | Found a faded altar of an unknown god.
  1157 | D:2      | 1157 ||| INVOKING Spit Poison.
  1163 | D:2      | 1163 ||| INVOKING Spit Poison.
  1216 | D:2      | 1216 ||| UPGRADING to +0 ring mail of cold resistance.
  1226 | D:2      | 1226 ||| READING scroll labelled PEFAXK KEEQA.
  1227 | D:2      | 1227 ||| READING scroll labelled FUHUKKI BUOSM.
  1228 | D:2      | 1228 ||| READING scroll labelled CISIELE CIKUT.
  1269 | D:3      | 1269 ||| INVOKING Spit Poison.
  1274 | D:3      | 1274 ||| INVOKING Spit Poison.
  1278 | D:3      | 1278 ||| INVOKING Spit Poison.
  1281 | D:3      | HP: 8/32 [orc priest/+1 flail of protection (6)]
  1283 | D:3      | Reached skill level 5 in Ranged Weapons
  1283 | D:3      | Reached XP level 4. HP: 11/39 MP: 4/4
  1283 | D:3      | 1283 ||| INVOKING Spit Poison.
  1286 | D:3      | 1286 ||| INVOKING Spit Poison.
  1286 | D:3      | HP: 7/39 [orc/+0 club (2)]
  1287 | D:3      | HP: 2/39 [orc/+0 club (3)]
  1290 | D:3      | Slain by an orc

Levels and vault maps discovered:
D:1:      amcnicky_arrival_gap_in_the_tavern_cellar, layout_basic
D:2:      layout_rooms, serial_shops, nicolae_shop_tiny_real_fake_doors,
          shapermc_ecumenical_altar_petra, minmay_cupped
D:3:      layout_rooms, palyth_temple_overflow_mages, grunt_temple_overflow_open

Skill      XL: |  1  2  3 |
---------------+----------+-----
Ranged Weapons | 4 5 |  5.2
Fighting       | |  2.1
Dodging        | |  1.5
Stealth        | |  1.5

Action                     |  1- 3 |  4- 6 || total
---------------------------+-------+-------++-------
   Fire: Shortbow          |    72 |     6 ||    78
Ability: Spit Poison       |    23 |     2 ||    25
    Use: Scroll            |     6 |       ||     6
 Armour: Leather armour    |     2 |       ||     2
         Ring mail         |       |     7 ||     7
  Dodge: Dodged            |    11 |     8 ||    19

Table legend:
 A = Non-vault XP
 B = Vault XP
 C = Vault XP percentage of total XP
 D = Non-vault monster count
 E = Vault monster count
 F = Vault count percentage of total count
                 A         B        C        D         E       F
            +---------+---------+-------+---------+---------+-------
      Total |     115 |       6 |   5.0 |      35 |       3 |   7.9
            +---------+---------+-------+---------+---------+-------
        D:1 |      27 |       0 |   0.0 |      15 |       0 |   0.0
        D:2 |      22 |       6 |  21.4 |      12 |       3 |  20.0
        D:3 |      66 |       0 |   0.0 |       8 |       0 |   0.0
            +---------+---------+-------+---------+---------+-------
